AoeStats
← home-print1

Fortress

508092321Analyzed
2v2 RM · 12d ago on Sep 20, 2026· 22m 26s· 4 players
Game mode
Random Map
Map size
Normal (6 player)
Population
200
Speed
Normal
Resources
Standard
Victory
Conquest
Starting age
Dark Age
Ending age
Imperial Age
RankedLock teamsTeams togetherTeam positionsShared explorationLock speedFull tech treeHidden civsTurbo modeCheats
Victory
Defeat
🇺🇸 Malians · United States
1251
+12
🇧🇴 Burgundians · Bolivia
1203
+14
🇲🇽 Portuguese · Mexico
1160
-13
🇲🇽 Aztecs · Mexico
1159
-13
[SICK] NAUTIKOS
7:01 Feudal Age
11:19 Castle Age
10:22 Double-Bit Axe
federx
0:28 Loom
4:33 Double-Bit Axe
8:41 Feudal Age
7:23 Gold Mining
8:12 Horse Collar
9:36 Heavy Plow
9:54 Bow Saw
14:16 Castle Age
14:35 Forging
14:31 Scale Barding Armor
15:19 Gold Shaft Mining
16:18 Fervor
19:37 Wheelbarrow
20:58 Two-Man Saw
20:40 Chain Barding Armor
22:19 Iron Casting
cobian.1234
8:00 Feudal Age
11:52 Castle Age
10:41 Double-Bit Axe
10:39 Horse Collar
10:50 Gold Mining
10:50 Stone Mining
12:43 Loom
14:54 Bow Saw
16:39 Pikeman
17:20 Squires
17:59 Scale Mail Armor
18:12 Forging
18:17 Heavy Plow
19:05 Gold Shaft Mining
home-print1
9:20 Feudal Age
7:39 Loom
10:41 Wheelbarrow
10:35 Double-Bit Axe
13:02 Castle Age
13:00 Loom
13:11 Gold Mining
13:12 Stone Mining
13:58 Bow Saw
17:19 Redemption
Connection lost

Rejoining the realm…

Still unreachable

The connection could not be restored.

Session expired

The server has moved on; the page needs a fresh start.